 Dungeon Crawl Stone Soup version 0.32-a0-473-gd044c6f0f0 (webtiles) character file.

Game seed: 15628333786344142067

93 anacleto the Cudgeller (level 4, -4/37 HPs)
             Began as a Mountain Dwarf Reaver on Feb 26, 2024.
             Slain by a gnoll
             ... wielding a +1 whip of electrocution
              (10 damage)
             ... on level 2 of the Dungeon.
             The game lasted 00:06:37 (2290 turns).

anacleto the Cudgeller (Mountain Dwarf Reaver)      Turns: 2290, Time: 00:06:38

Health: -4/37      AC:  4    Str: 14    XL:     4   Next: 37%
Magic:  6/7        EV: 11    Int: 16    God:
Gold:   98         SH:  0    Dex:  8    Spells: 4/7 levels left

rFire   . . .        a - +0 mace
rCold   . . .        (no shield)
rNeg    . . .        b - +0 leather armour
rPois   .            f - +0 helmet
rElec   .            (no cloak)
rCorr   .            (no gloves)
SInv    .            (no boots)
Will    .....        (no amulet)
Stlth   +            i - ring of wizardry
HPRegen 0.26/turn    (no ring)
MPRegen 0.10/turn

%: wizardry (x1)
@: no status effects
A: runic magic, artefact enchanting
a: no special abilities


You were on level 2 of the Dungeon.
You visited 1 branch of the dungeon, and saw 3 of its levels.

You collected 98 gold pieces.

Inventory:

Hand Weapons
 a - a +0 mace (weapon)
 g - a +0 morningstar
Armour
 b - a +0 leather armour (worn)
 f - a +0 helmet (worn)
Jewellery
 i - a ring of wizardry (left hand)
Scrolls
 c - 2 scrolls of identify {unknown}
 e - a scroll of enchant weapon {unknown}
 j - a scroll of vulnerability {unknown}
 m - a scroll of fog {unknown}
 n - a scroll of teleportation {unknown}
Potions
 d - 6 potions of curing {unknown}
 h - 2 potions of attraction {unknown}
 k - a potion of might {unknown}
 l - a potion of brilliance {unknown}


   Skills:
 + Level 2.7 Fighting
 + Level 4.1 Maces & Flails
 + Level 1.9 Dodging
 + Level 2.2 Spellcasting
 + Level 3.1 Conjurations
 + Level 1.6 Necromancy
 + Level 0.5 Translocations


You had 4 spell levels left.
You knew the following spells:

 Your Spells              Type           Power      Damage    Failure   Level
a - Kiss of Death         Conj/Necr      36%        2d8       3%          1
b - Momentum Strike       Conj/Tloc      14%        3d8       6%          2

Your spell library contained the following spells:

 Spells                   Type           Power      Damage    Failure   Level
 Hailstorm                Conj/Ice       6%         3d5       13%         3


Dungeon Overview and Level Annotations

Branches:
Dungeon (3/15)

Altars:


Innate Abilities, Weirdness & Mutations

Your spellcasting is much less encumbered by armour.
You can use scrolls of enchantment on lesser artefacts.


Message History

The gnoll shouts!
There is a stone staircase leading up here.
Casting: Momentum Strike (safe; 6% risk of failure)
Confirm with . or Enter, or press ? or * to list all spells.
Aiming: Momentum Strike (safe; 6% risk of failure)
Press: ? - help, Dir - move target, f - gnoll
Aim: a gnoll, wielding a +0 whip of flaming (72% to hit)
The concentrated momentum hits the gnoll!
You kill the gnoll!
You are unable to move.
Unknown command.
Casting: Momentum Strike (safe; 6% risk of failure)
Confirm with . or Enter, or press ? or * to list all spells.
You can't see any susceptible monsters within range! (Use Z to cast anyway.)
Casting: Momentum Strike (safe; 6% risk of failure)
Confirm with . or Enter, or press ? or * to list all spells.
You cannot redirect your momentum while unable to move.
You barely miss the gnoll.
The gnoll hits you with a +1 whip of electrocution.
You closely miss the gnoll. The gnoll misses you. The gnoll barely misses you.
You hit the gnoll but do no damage.
You are no longer robbed of momentum.
The gnoll hits you with a +0 whip!
The gnoll hits you with a +1 whip of electrocution!
You hit the gnoll.
The gnoll is heavily wounded.
The gnoll barely misses you. The gnoll hits you with a +0 whip.
The gnoll closely misses you. The gnoll barely misses you.
You climb upwards.
There is a stone staircase leading down here.
Unknown command.
The gnoll attacks as it pursues you! The gnoll closely misses you.
The gnoll hits you with a +1 whip of electrocution.
* * * LOW HITPOINT WARNING * * *
The gnoll misses you. The gnoll attacks as it pursues you!
The gnoll hits you with a +1 whip of electrocution.
* * * LOW HITPOINT WARNING * * *
You are electrocuted!
You die...

##.##.# #..###........# #.#
##.##.# ##.........##..# #.#
#.....# #..............# #.#
#.....# #.#.###.##.##..###.#
......####.#.# #............#
.............###..#.#...#########
#.....###.......>##.##..........#
##...........>gg...........####.#
.##.############@##.##.###.# #.#
.##.# #..#.#.## #.# #†# .##.#
#.#...## #.# #.# .##.### #.##.##
#.# #.# .##.#.##########.##.# #.#
#.# .##.................# #.# #.#
.##...........##.#..# #.# #.#
.##.................# #.# #..
.##.#........<##.#.## #.# ###


You could see 2 gnolls.

Vanquished Creatures
  2 gnolls
  3 adders (D:2)
  A ribbon worm (D:2)
  A dart slug (D:1)
  An orc (D:3)
  3 bats
  5 endoplasms
  2 giant cockroaches
  2 goblins (D:2)
  2 hobgoblins
  3 jackals (D:2)
  2 quokkas (D:1)
  3 ball pythons
  A frilled lizard (D:3)
  5 kobolds
  3 rats
39 creatures vanquished.

Notes
Turn   | Place    | Note
-------+----------+-------------------------------------------
     0 | D:1      | anacleto the Mountain Dwarf Reaver began the quest for the
                  | Orb.
     0 | D:1      | Reached XP level 1. HP: 17/17 MP: 3/3
   327 | D:1      | Reached XP level 2. HP: 6/25 MP: 4/4
   462 | D:1      | Reached skill level 1 in Necromancy
   959 | D:2      | Learned a level 2 spell: Momentum Strike
  1027 | D:2      | Reached XP level 3. HP: 30/30 MP: 6/6
  1404 | D:2      | Reached skill level 4 in Maces & Flails
  1956 | D:2      | Reached XP level 4. HP: 32/37 MP: 4/7
  2290 | D:2      | Slain by a gnoll

Illustrated notes

Levels and vault maps discovered:
D:1:      eino_arrival_cavern_b, layout_basic
D:2:      layout_loops_ring
D:3:      layout_basic, chequers_ecumenical_altar_simple_redux,
          minmay_checkerbox

Skill      XL: |  1  2  3 |
---------------+----------+-----
Necromancy     | 1 |  1.6
Spellcasting   | 2 |  2.2
Conjurations   | 3 |  3.1
Maces & Flails | 4 |  4.1
Fighting       | |  2.7
Dodging        | |  1.9
Translocations | |  0.5

Action                     |  1- 3 |  4- 6 || total
---------------------------+-------+-------++-------
  Melee: Mace              |   111 |    22 ||   133
   Cast: Kiss of Death     |     1 |       ||     1
         Momentum Strike   |     8 |     3 ||    11
 Armour: Leather armour    |    82 |    14 ||    96
  Dodge: Dodged            |    61 |    16 ||    77

Table legend: (Time is in decaauts)
 A = Elapsed time spent in this place.
 B = Non-inter-level travel time spent in this place.
 C = Inter-level travel time spent in this place.
 D = Time resting spent in this place.
 E = Time spent auto-exploring this place.
 F = Levels seen in this place.
 G = Mean time per level.
                   A        B        C        D        E       F      G
               +--------+--------+--------+--------+--------+-----+--------+
         Total |   2318 |   2257 |     61 |    444 |   1422 |   3 |  772.7 |
       Dungeon |   2318 |   2257 |     61 |    444 |   1422 |   3 |  772.7 |
               +--------+--------+--------+--------+--------+-----+--------+

Top non-repeatable levels by time:
     D:2: 1200 daAuts
     D:1: 915 daAuts
     D:3: 202 daAuts
